 Dungeon Crawl Stone Soup version 0.26-a0-1107-g6118521029 (webtiles) character file.

Game seed: 7912321824949957314

5664 vvl the Grappler (level 10, -4/138 HPs)
             Began as a Troll Monk on Dec 16, 2020.
             Slain by a komodo dragon (5 damage)
             ... on level 1 of the Lair of Beasts.
             The game lasted 00:37:34 (7760 turns).

vvl the Grappler (Troll Monk)                       Turns: 7760, Time: 00:37:35

Health: -4/138     AC: 25    Str: 21    XL:     10   Next: 47%
Magic:  9/9        EV:  1    Int:  9    God:
Gold:   411        SH:  0    Dex: 12    Spells: 9/9 levels left

rFire    . . .     SeeInvis .     - Unarmed
rCold    . . .     Faith    .   (no shield)
rNeg     + + +     Spirit   .   (armour currently unavailable)
rPois    +         Reflect  .   (helmet currently unavailable)
rElec    .         Harm     .   (cloak currently unavailable)
rCorr    .         Rampage  .   (gloves unavailable)
Will     .....     NoTele   +   (boots unavailable)
Stlth    ++........             (no amulet)
HPRegen  0.73/turn              (no ring)
MPRegen  0.11/turn              (no ring)

@: tree-form, marked
A: large, unfitting armour, regeneration 1
a: no special abilities


You were on level 1 of the Lair of Beasts.
You were a tree.
You visited 3 branches of the dungeon, and saw 12 of its levels.

You collected 554 gold pieces.
You spent 143 gold pieces at shops.

Inventory:

Hand Weapons
 f - a +4 dagger
 q - a +3 dagger
 s - the +10 demon trident "Glorpo" {flame, *Corrode +Fly rPois Str+4, sf, unknown}
   (You found it on level 3 of the Dungeon)

   It has been specially enchanted to burn those struck by it, causing extra
   injury to most foes and up to half again as much damage against particularly
   susceptible opponents.
   It affects your strength (+4).
   It protects you from poison.
   It lets you fly.
   It may corrode you when you take damage.
 t - a +1 dagger of distortion
 u - a +0 whip
 x - a +1 dagger of holy wrath
 C - a +6 short sword
 J - a +0 glaive
 K - the cursed +0 whip "Jekal" {drain, rC+ Will- Str+2 Int+4, unknown}
   (You found it on level 8 of the Dungeon)

   A truly terrible weapon, it drains the life of those it strikes.
   It affects your strength (+2).
   It affects your intelligence (+4).
   It protects you from cold.
   It affects your willpower, your defense against some magical effects.
   It has a curse placed upon it.
 L - a +1 dagger of electrocution
 M - a +1 vorpal hand axe
 N - a +2 long sword of holy wrath
Armour
 a - a +0 robe (melded)
 o - a +1 robe of willpower
Jewellery
 e - a cursed amulet of inaccuracy {unknown}
 g - an uncursed ring of resist corrosion {unknown}
 D - a +6 ring of intelligence {unknown}
Wands
 A - a wand of flame (45)
 O - a wand of polymorph (2)
Scrolls
 c - 2 scrolls of amnesia {unknown}
 d - 6 scrolls of teleportation
 i - 8 scrolls of identify {unknown}
 j - 2 scrolls of remove curse {unknown}
 l - 2 scrolls of enchant armour {unknown}
 n - 5 scrolls of fog {unknown}
 r - 2 scrolls of magic mapping {unknown}
 w - 2 scrolls of fear {unknown}
 y - a scroll of torment {unknown}
 E - 2 scrolls of noise {unknown}
 F - 3 scrolls of enchant weapon {unknown}
 G - a scroll of brand weapon {unknown}
 I - 2 scrolls of blinking {unknown}
Potions
 b - a potion of magic {unknown}
 h - 3 potions of lignification
 k - 4 potions of degeneration {unknown}
 m - 2 potions of berserk rage {unknown}
 p - 4 potions of attraction {unknown}
 v - 2 potions of cancellation {unknown}
 z - a potion of ambrosia {unknown}
 H - a potion of might {unknown}
 P - a potion of invisibility {unknown}
 Q - a potion of mutation {unknown}


   Skills:
 + Level 4.1 Fighting
 + Level 5.6 Dodging
 - Level 1.0 Stealth
 * Level 13.7 Unarmed Combat


You had 9 spell levels left.
You didn't know any spells.
Your spell library was empty.

Dungeon Overview and Level Annotations

Branches:
Dungeon (9/15)             Temple (1/1) D:4            Lair (2/6) D:8
  Swamp: Lair:2-4    Shoals: Lair:2-4     Snake: Lair:2-4    Spider: Lair:2-4
    Orc: D:9-12

Altars:
Cheibriados
Dithmenos
Elyvilon
Fedhas
Gozag
Hepliaklqana
Kikubaaqudgha
Makhleb
Nemelex Xobeh
Okawaru
Qazlal
Ru
Sif Muna
Trog
Uskayaw
Vehumet
Wu Jian
Zin
The Shining One
Beogh

Shops:
D:6 !


Innate Abilities, Weirdness & Mutations

You are too large for most types of armour.
((You have claws for hands.))
Your natural rate of healing is unusually fast.
((You are covered in fur. (AC +1)))
((You have extremely tough skin. (AC +3)))


Message History

The black bear bites you but does no damage.
The black bear claws you but does no damage. x2
You smack the black bear!
The black bear is heavily wounded.
The komodo dragon bites you but does no damage.
The black bear bites you but does no damage.
The black bear claws you but does no damage. x2
You pummel the black bear!!
You kill the black bear!
The komodo dragon bites you!!
* * * LOW HITPOINT WARNING * * *
You feel better.
The komodo dragon bites you but does no damage.
You feel better. The komodo dragon bites you!!
* * * LOW HITPOINT WARNING * * *
Aiming: Polymorph
Press: ? - help, Shift-Dir - straight line, f - komodo dragon
Aim: a komodo dragon (will become a blink frog, a rime drake, or a manticore, chance to affect: 28%)
The komodo dragon easily resists.
The komodo dragon bites you.
You die...

.....# ......#
.. #. ..#
.....## ... ..
..## ...# ..#
#. ... .....
..# #.#. ..#
... ..#
####.#.#..###..
......l♣†......
...#.#†#.......
... .......
#.#. .......
..... ...####
#.# #. ...# ...
.. ...# .. #.
...#


You could see a komodo dragon.

Vanquished Creatures
  Harold (D:7)
  An elephant (D:9)
  The ghost of Pooter the Chiller, a novice DsIE (D:5)
  Joseph (D:7)
  A polar bear (Lair:1)
  A wyvern (D:8)
  A basilisk (D:8)
  2 orc warriors
  2 sky beasts
  2 black bears
  2 necrophages
  An ice beast (D:8)
  2 phantoms (D:8)
  2 ogres (D:8)
  2 centaurs (D:7)
  6 bullfrogs
  A wyvern skeleton (D:8)
  2 water moccasin skeletons
  6 scorpions
  5 killer bees (D:8)
  5 orc priests
  6 hounds
  2 bullfrog skeletons (D:8)
  A gnoll shaman (D:4)
  A jelly (D:5)
  3 orc wizards
  An iguana (D:7)
  Jessica (D:4)
  Ijyb (D:5)
  4 worker ants
  A worker ant zombie (D:7)
  5 adders
  8 gnolls (D:4)
  A shadow imp (D:5)
  A white imp (D:8)
  3 ufetubi
  4 adder skeletons
  4 worms
  A dart slug (D:2)
  6 leopard geckos
  33 orcs
  10 bats
  3 giant cockroaches
  4 goblins
  3 hobgoblins
  2 jackals (D:5)
  7 quokkas
  2 ball pythons (D:3)
  3 frilled lizards
  3 jackal skeletons
  8 kobolds (D:3)
  2 leopard gecko zombies (D:7)
  A quokka skeleton (D:4)
  4 rats
186 creatures vanquished.

Vanquished Creatures (others)
  An orc wizard (D:5)
  A fungus (D:8)
  A plant (Lair:1)
3 creatures vanquished.

Grand Total: 189 creatures vanquished

Notes
Turn   | Place    | Note
-------+----------+-------------------------------------------
     0 | D:1      | vvl the Troll Monk began the quest for the Orb.
     0 | D:1      | Reached XP level 1. HP: 22/22 MP: 0/0
    99 | D:1      | You fall into a shaft and drop 1 floor!
   133 | D:2      | Reached XP level 2. HP: 18/29 MP: 1/1
   420 | D:2      | Found a stormy altar of Qazlal.
   702 | D:3      | Reached XP level 3. HP: 35/36 MP: 2/2
   782 | D:3      | Reached skill level 4 in Unarmed Combat
   782 | D:3      | Reached XP level 4. HP: 26/44 MP: 3/3
  1002 | D:3      | Found a faded altar of an unknown god.
  1448 | D:3      | Reached XP level 5. HP: 36/52 MP: 4/4
  1453 | D:3      | Got a fading demon trident
  1759 | D:4      | Reached skill level 5 in Unarmed Combat
  1849 | D:4      | Noticed a necrophage
  1863 | D:4      | Killed a necrophage
  1864 | D:4      | Reached XP level 6. HP: 51/61 MP: 5/5
  1886 | D:4      | Found a staircase to the Ecumenical Temple.
  1906 | D:4      | Reached skill level 6 in Unarmed Combat
  2079 | D:4      | Reached XP level 7. HP: 67/67 MP: 6/6
  2149 | D:4      | Reached skill level 7 in Unarmed Combat
  2238 | Temple   | Entered the Ecumenical Temple
  2498 | D:4      | Noticed Jessica
  2520 | D:4      | Found a shimmering blue altar of Sif Muna.
  2529 | D:4      | Killed Jessica
  2585 | D:5      | Entered Level 5 of the Dungeon
  2869 | D:5      | Found a sand-covered staircase.
  3062 | D:5      | Noticed Ijyb
  3064 | D:5      | Reached skill level 8 in Unarmed Combat
  3079 | D:5      | Killed Ijyb
  3530 | D:5      | Found a runed translucent gate.
  3530 | D:5      | Found a runed translucent gate.
  3530 | D:5      | Noticed Pooter's ghost (novice DsIE)
  3531 | D:5      | Found a runed translucent gate.
  3534 | D:5      | Found a roughly hewn altar of Beogh.
  3562 | D:5      | Killed Pooter's ghost
  3563 | D:5      | Reached skill level 9 in Unarmed Combat
  3563 | D:5      | Reached XP level 8. HP: 67/75 MP: 7/7
  4535 | D:6      | Found Fimeomuk's Distillery.
  4539 | D:6      | Bought a potion of lignification for 39 gold pieces
  4539 | D:6      | Bought a potion of lignification for 39 gold pieces
  4539 | D:6      | Bought a potion of heal wounds for 65 gold pieces
  4784 | D:7      | Reached skill level 10 in Unarmed Combat
  5177 | D:7      | Noticed Harold
  5190 | D:7      | Killed Harold
  5191 | D:7      | Reached skill level 11 in Unarmed Combat
  5191 | D:7      | Reached XP level 9. HP: 56/83 MP: 8/8
  5361 | D:7      | Noticed Joseph
  5380 | D:7      | Killed Joseph
  5381 | D:7      | Reached skill level 5 in Dodging
  5491 | D:7      | Reached skill level 12 in Unarmed Combat
  6286 | D:8      | Got a transparent whip
  6326 | D:8      | Found a snail-covered altar of Cheibriados.
  6362 | D:8      | Reached XP level 10. HP: 68/92 MP: 9/9
  6897 | D:8      | Noticed an elephant
  6910 | D:8      | Reached skill level 13 in Unarmed Combat
  6936 | D:9      | Found an opulent altar of Gozag.
  6945 | D:9      | Killed an elephant
  7298 | D:8      | Found a staircase to the Lair.
  7601 | Lair:1   | Entered Level 1 of the Lair of Beasts
  7611 | Lair:2   | Noticed a boulder beetle
  7628 | Lair:2   | Noticed an eight-headed hydra
  7759 | Lair:1   | HP: 1/138 [komodo dragon (20)]
  7760 | Lair:1   | Slain by a komodo dragon

Illustrated notes

Levels and vault maps discovered:
D:1:      dpeg_arrival_tiny_a, layout_basic, skrybe_limestone_x,
          minmay_misc_feat_five
D:2:      layout_basic, nicolae_qazlal_general_emergency
D:3:      minmay_octagon_keep, layout_basic, chequers_ecumenical_altar_island
D:4:      layout_cave_pools, minmay_temple_entry_stoned_glass, tgw_sif
D:5:      layout_loops_ring, nicolae_ossuary_entry_false_entrances,
          biasface_ghost_orc_armoury, minmay_misc_feat_square, uniq_ijyb
D:6:      minmay_general_purpose_star, layout_loops_ring, serial_shops,
          nicolae_shop_stone
D:7:      layout_layer_cave, corexii_item_surrounded_by_moat, uniq_joseph,
          uniq_harold
D:8:      layout_basic, old_standard_altar, david_lair_generic
D:9:      layout_roguey, minitemple, hiddenorc2_lemuel, special_room
          [special_room_orc], grunt_gozag_statues
Temple:   lightli_temple_of_artemis
Lair:1:   layout_regular_city, nicolae_lair_grove_arrangements, st_stairs_13,
          infiniplex_staircase_pool
Lair:2:   layout_regular_city, minmay_swamp_entry_wisps, forest_entry_grove,
          grunt_megastairs_1

Skill      XL: |  1  2  3  4  5  6  7  8  9 10 |
---------------+-------------------------------+-----
Unarmed Combat | 4 5 6 9 11 12 13 | 13.7
Dodging        | 3 4 5 |  5.6
Fighting       | 3 4 |  4.1
Stealth        | |  1.0

Action                   |  1- 3 |  4- 6 |  7- 9 | 10-12 || total
-------------------------+-------+-------+-------+-------++-------
Melee: Unarmed           |    61 |   171 |   271 |   102 ||   605
       Punch             |       |     3 |    11 |     6 ||    20
Evoke: Wand              |       |       |       |     1 ||     1
  Use: Potion            |       |     1 |       |     9 ||    10
       Scroll            |       |       |     1 |       ||     1
 Stab: Sleeping          |     5 |     3 |     2 |       ||    10
Armor: Robe              |    21 |    75 |    60 |    25 ||   181
       Skin              |       |       |       |    79 ||    79
Dodge: Dodged            |    23 |   124 |   121 |    61 ||   329

Table legend: (Time is in decaauts)
 A = Elapsed time spent in this place.
 B = Non-inter-level travel time spent in this place.
 C = Inter-level travel time spent in this place.
 D = Time resting spent in this place.
 E = Time spent auto-exploring this place.
 F = Levels seen in this place.
 G = Mean time per level.
                   A        B        C        D        E       F      G
               +--------+--------+--------+--------+--------+-----+--------+
         Total |   7674 |   6519 |   1155 |    874 |   4283 |  12 |  639.5 |
       Dungeon |   7480 |   6432 |   1048 |    874 |   4283 |   9 |  831.1 |
        Temple |     37 |      3 |     34 |      0 |      0 |   1 |   37.0 |
          Lair |    156 |     83 |     73 |      0 |      0 |   2 |   78.0 |
               +--------+--------+--------+--------+--------+-----+--------+

Top non-repeatable levels by time:
     D:5: 1473 daAuts
     D:7: 1399 daAuts
     D:8: 1394 daAuts
     D:3: 1192 daAuts
     D:4: 719 daAuts
     D:6: 595 daAuts
     D:2: 516 daAuts
  Lair:1: 107 daAuts
     D:1: 98 daAuts
     D:9: 89 daAuts
  Lair:2: 48 daAuts
  Temple: 37 daAuts
